 Dungeon Crawl Stone Soup version 0.18.1-5-g4a78601 (webtiles) character file.

15456 epen the Pandemonic (level 12, -1/91 HPs)
             Began as a Demonspawn Gladiator on May 13, 2016.
             Was a High Priest of Makhleb.
             Slain by a river rat (6 damage)
             ... on level 5 of the Lair of Beasts.
             The game lasted 00:31:15 (16193 turns).

epen the Pandemonic (Demonspawn Gladiator)         Turns: 16193, Time: 00:31:16

Health: -1/91      AC: 16    Str: 22    XL:     12   Next: 1%
Magic:  20/20      EV: 12    Int: 14    God:    Makhleb [*****.]
Gold:   795        SH:  0    Dex: 14    Spells: 0 memorised, 11 levels left

rFire  . . .     SeeInvis +     u - +0 triple sword "Agyorch" {freeze, MR+ Str+2 Int+4 SInv}
rCold  . . .     Gourm    +     B - +0 chain mail (curse)
rNeg   . . .     Faith    .     (shield currently unavailable)
rPois  .         Spirit   .     S - +2 hat
rElec  .         Dismiss  .     s - +2 cloak
rCorr  .         Reflect  .     (no gloves)
SustAt .         Harm     .     (no boots)
MR     +....                    v - amulet of the gourmand
Stlth  ..........               (no ring)
                                m - ring of stealth

@: somewhat resistant to hostile enchantments, extremely unstealthy
A: antennae 2, hooves 2, demonic guardian 2
a: Minor Destruction, Lesser Servant of Makhleb, Major Destruction, Greater
Servant of Makhleb, Renounce Religion


You were on level 5 of the Lair of Beasts.
You worshipped Makhleb.
Makhleb was extremely pleased with you.
You were full.

You visited 3 branches of the dungeon, and saw 16 of its levels.

You collected 795 gold pieces.

Inventory:

Hand Weapons
 a - a +1 long sword
 k - a +0 long sword
 u - the +0 triple sword "Agyorch" (weapon) {freeze, MR+ Str+2 Int+4 SInv}
   (You acquired it on level 4 of the Lair of Beasts)

   It has been specially enchanted to freeze those struck by it, causing extra
   injury to most foes and up to half again as much damage against particularly
   susceptible opponents.
   It can also slow down cold-blooded creatures.
   It affects your strength (+2).
   It affects your intelligence (+4).
   It affects your resistance to hostile enchantments.
   It lets you see invisible.
 F - a +1 short sword of speed
 J - a +0 great sword
 O - a +3 falchion
Missiles
 d - 3 throwing nets (quivered)
Armour
 e - a +0 plate armour
 s - a +2 cloak (worn)
 B - a cursed +0 chain mail (worn)
 S - a +2 hat (worn)
Jewellery
 m - a ring of stealth (left hand)
 v - an amulet of the gourmand (around neck)
 C - a +2 ring of evasion {unknown}
 I - an uncursed amulet of faith
 K - an uncursed amulet of rage
Wands
 r - a wand of iceblast (0/15)
 D - a wand of confusion (24/48)
 P - a wand of confusion (29/48)
 Q - a wand of iceblast (9/15)
Scrolls
 b - 2 scrolls of teleportation
 c - a scroll of magic mapping
 l - 3 scrolls of remove curse
 o - 5 scrolls of identify
 p - 2 scrolls of blinking
 y - a scroll of enchant armour
 E - 2 scrolls of amnesia
 H - a scroll of immolation
Potions
 h - 3 potions of agility
 i - 2 potions of magic
 w - 2 potions of resistance
 x - 3 potions of curing
 z - a potion of might
 A - 5 potions of heal wounds
 G - a potion of berserk rage
 L - a potion of brilliance
 M - 2 potions of cancellation
 R - a potion of cure mutation
 U - 2 potions of haste
Books
 j - a book of Misfortune

   Spells                             Type                      Level
   a - Confusing Touch                Hexes                        2
   b - Confuse                        Hexes                        3
   c - Gell's Gravitas                Hexes/Translocation          3
   d - Petrify                        Transmutation/Earth          4
   e - Metabolic Englaciation         Hexes/Ice                    5
   f - Yara's Violent Unravelling     Hexes/Transmutation          5
 t - a book of Flames

   Spells                             Type                      Level
   a - Flame Tongue                   Conjuration/Fire             1
   b - Throw Flame                    Conjuration/Fire             2
   c - Conjure Flame                  Conjuration/Fire             3
   d - Inner Flame                    Hexes/Fire                   3
   e - Sticky Flame                   Conjuration/Fire             4
   f - Fireball                       Conjuration/Fire             5
 W - a book of Maledictions

   Spells                             Type                      Level
   a - Corona                         Hexes                        1
   b - Ensorcelled Hibernation        Hexes/Ice                    2
   c - Confuse                        Hexes                        3
   d - Tukima's Dance                 Hexes                        3
   e - Dazzling Spray                 Conjuration/Hexes            3
Miscellaneous
 T - a sack of spiders {used: 1}
 V - a sack of spiders
Comestibles
 f - 11 bread rations
 g - 2 fruits
 n - 2 beef jerkies
 q - 2 slices of pizza
 N - 3 meat rations


   Skills:
 + Level 7.3 Fighting
 * Level 9.7 Long Blades
 - Level 1.7 Throwing
 * Level 7.7 Armour
 + Level 8.8 Dodging
 * Level 11.7 Invocations


You had 11 spell levels left.
You didn't know any spells.

Dungeon Overview and Level Annotations

Branches:
Dungeon (10/15)            Temple (1/1) D:5            Lair (5/8) D:8
  Snake (0/4) Lair:4
  Swamp: Lair:3-6    Shoals: Lair:3-6       Orc: D:9-12

Altars:
Ashenzari
Cheibriados
Dithmenos
Elyvilon
Fedhas
Gozag
Kikubaaqudgha
Makhleb
Nemelex Xobeh
Okawaru
Qazlal
Ru
Sif Muna
Trog
Vehumet
Yredelemnul
Zin
Beogh

Annotations:
D:4 Blork the orc
D:7 exclusion: electric eel


Innate Abilities, Weirdness & Mutations

You have a pair of antennae on your head.
You have hoof-like feet.
A demonic guardian rushes to your aid.


Message History

You kick the river rat, but do no damage.
The blink frog hits your hellwing.
The blink frog blinks!
The river rat bites you but does no damage.
The river rat closely misses you.
Your hellwing hits the river rat!
The river rat dies!
Makhleb accepts your kill.
You are too injured to fight recklessly!
You hit the river rat but do no damage. Your kick misses the river rat.
Your hellwing disappears in a puff of smoke!
The river rat barely misses you. The river rat bites you!
* * * LOW HITPOINT WARNING * * *
Unknown command.
You slash the river rat! You freeze the river rat.
Your kick misses the river rat.
The river rat is almost dead.
The river rat closely misses you.
A demon appears!
You feel slightly less full. The blink frog hits you!
* * * LOW HITPOINT WARNING * * *
The blink frog blinks! x2; The river rat bites you.
You die...

......PPPP..........P##.#
.........................
.........................
.........................
.........................
.........................
.........................
#......§§r.##.....##.##..
.......#@..P......#######
#......##3...P#....#####P
.......#....F......#.....
#.................##.....
........P....##...###....
.............##...##.....
.........#P...#...#.....#
.................##.###
....................#P#


You could see a blink frog, a river rat and a friendly neqoxec.

Vanquished Creatures
  A death yak (Lair:3)
  A black mamba (Lair:4)
  A spiny frog (Lair:1)
  Prince Ribbit (D:5)
  13 blink frogs
  A spriggan (D:7)
  Eustachio (D:4)
  4 yaks (Lair:2)
  A steam dragon (Lair:3)
  5 hippogriffs
  A naga (Lair:4)
  5 water moccasins
  6 porcupines
  3 sky beasts
  A phantom (D:7)
  3 centaurs
  8 crocodiles
  8 giant frogs
  A wyvern skeleton (D:5)
  2 scorpions
  8 wights
  3 crimson imps
  2 giant frog zombies
  3 hounds
  An orc priest (D:5)
  3 jellies
  11 iguanas
  Ijyb (D:2)
  6 orc wizards
  3 worker ants
  3 sheep (Lair:5)
  2 hound skeletons
  A howler monkey zombie (D:7)
  5 gnolls
  14 river rats
  6 adders
  A shadow imp (D:5)
  An ooze (D:1)
  4 worms
  4 dart slugs (D:1)
  2 giant geckos (D:5)
  17 orcs
  4 giant cockroaches
  9 goblins
  9 hobgoblins
  17 jackals
  7 kobolds
  A quokka (D:6)
  9 bats
  A giant gecko skeleton (D:4)
  3 giant newts
  8 rats
  2 fungi (D:8)
238 creatures vanquished.

Vanquished Creatures (collateral kills)
  Maud (Lair:4)
  4 death yaks (Lair:3)
  3 spiny frogs
  2 black mambas
  4 komodo dragons
  A rime drake (Lair:3)
  3 polar bears (Lair:2)
  7 blink frogs
  2 basilisks
  3 yaks (Lair:2)
  2 hungry ghosts (D:8)
  A hippogriff (D:7)
  Menkaure (D:5)
  2 nagas (Lair:4)
  A porcupine (Lair:3)
  An ice beast (D:5)
  2 sky beasts
  An orc warrior (D:8)
  A phantom (D:7)
  A crocodile (Lair:2)
  A giant frog (Lair:4)
  A gnoll sergeant (D:7)
  A killer bee (D:7)
  2 crimson imps
  2 orc priests
  A giant frog skeleton (D:9)
  2 sheep (Lair:5)
  6 gnolls
  9 river rats
  4 orcs
72 creatures vanquished.

Vanquished Creatures (others)
  An orc (D:4)
  3 fungi (Lair:3)
  A plant (Lair:3)
5 creatures vanquished.

Grand Total: 315 creatures vanquished

Notes
Turn   | Place    | Note
--------------------------------------------------------------
     0 | D:1      | epen the Demonspawn Gladiator began the quest for the Orb.
     0 | D:1      | Reached XP level 1. HP: 16/16 MP: 1/1
   124 | D:1      | Gained mutation: You have large cloven feet. [demonic ancestry]
   124 | D:1      | Reached XP level 2. HP: 18/22 MP: 2/2
   337 | D:1      | Gained mutation: You have a pair of small antennae on your head. [demonic ancestry]
   337 | D:1      | Reached XP level 3. HP: 21/28 MP: 3/3
  1112 | D:2      | Gained mutation: You have hoof-like feet. [demonic ancestry]
  1112 | D:2      | Reached XP level 4. HP: 34/34 MP: 4/4
  1269 | D:2      | Noticed Ijyb
  1278 | D:2      | Killed Ijyb
  1521 | D:3      | Found a white marble altar of Elyvilon.
  1524 | D:3      | Found a shattered altar of Ashenzari.
  1538 | D:3      | Found a radiant altar of Vehumet.
  1541 | D:3      | Found a shadowy altar of Dithmenos.
  1718 | D:3      | Reached skill level 1 in Armour
  1719 | D:3      | Reached XP level 5. HP: 37/39 MP: 5/5
  1862 | D:3      | Found an ancient bone altar of Kikubaaqudgha.
  1862 | D:3      | Found a blossoming altar of Fedhas.
  2566 | D:4      | Noticed Eustachio
  2678 | D:4      | Noticed Blork the orc
  3063 | D:4      | Noticed a centaur
  3076 | D:4      | Killed a centaur
  3076 | D:4      | Reached XP level 6. HP: 18/47 MP: 6/6
  3114 | D:5      | Entered Level 5 of the Dungeon
  3562 | D:5      | Found a staircase to the Ecumenical Temple.
  3570 | Temple   | Entered the Ecumenical Temple
  3646 | Temple   | Became a worshipper of Makhleb the Destroyer
  3706 | D:5      | Gained mutation: A weak demonic guardian rushes to your aid. [demonic ancestry]
  3706 | D:5      | Reached XP level 7. HP: 16/52 MP: 7/7
  3920 | D:5      | Noticed Menkaure
  3927 | D:5      | Killed Menkaure
  3927 | D:5      | Reached skill level 5 in Dodging
  3927 | D:5      | Reached skill level 1 in Invocations
  4228 | D:5      | Reached skill level 5 in Long Blades
  4284 | Temple   | HP: 2/78 [orc wizard/magic dart (4)]
  4287 | Temple   | Reached skill level 2 in Invocations
  4623 | D:5      | Found a basalt altar of Yredelemnul.
  4837 | D:5      | Noticed Prince Ribbit
  4854 | D:5      | Killed Prince Ribbit
  4854 | D:5      | Reached skill level 3 in Invocations
  4912 | D:5      | HP: 1/53 [worker ant (6)]
  5376 | D:5      | Gained mutation: A demonic guardian rushes to your aid. [demonic ancestry]
  5376 | D:5      | Reached XP level 8. HP: 36/60 MP: 10/10
  5618 | D:4      | Killed Eustachio
  5618 | D:4      | Reached skill level 4 in Invocations
  5709 | D:4      | Reached * piety under Makhleb
  6573 | D:7      | Reached skill level 5 in Invocations
  7501 | D:7      | Found a sparkling altar of Nemelex Xobeh.
  7575 | D:7      | Gained mutation: You have a pair of antennae on your head. [demonic ancestry]
  7575 | D:7      | Reached XP level 9. HP: 57/66 MP: 13/13
  7871 | D:7      | Reached skill level 6 in Invocations
  8118 | D:8      | Found a staircase to the Lair.
  8749 | D:8      | Reached skill level 5 in Fighting
  9253 | D:8      | Reached skill level 7 in Invocations
  9430 | D:9      | Found a stormy altar of Qazlal.
  9472 | D:9      | Found a snail-covered altar of Cheibriados.
  9473 | D:9      | Found a glowing silver altar of Zin.
  9475 | D:9      | Found an iron altar of Okawaru.
  9475 | D:9      | Found a sparkling altar of Nemelex Xobeh.
  9614 | D:9      | Found a deep blue altar of Sif Muna.
  9736 | D:9      | Reached ** piety under Makhleb
  9922 | D:10     | Entered Level 10 of the Dungeon
  9941 | D:10     | Found a roughly hewn altar of Beogh.
  9941 | D:10     | Noticed an orc knight
  9941 | D:10     | Noticed an orc knight
 10034 | Lair:1   | Entered Level 1 of the Lair of Beasts
 10052 | Lair:1   | Noticed a komodo dragon
 10056 | Lair:1   | Killed a komodo dragon
 10056 | Lair:1   | Reached skill level 8 in Invocations
 10222 | Lair:1   | Reached XP level 10. HP: 74/74 MP: 16/16
 10629 | Lair:1   | Reached skill level 5 in Armour
 10793 | Lair:1   | Noticed a spiny frog
 10816 | Lair:1   | Killed a spiny frog
 10989 | Lair:1   | Reached skill level 9 in Invocations
 11449 | Lair:2   | Noticed a black mamba
 11455 | Lair:2   | Killed a black mamba
 11510 | Lair:2   | Noticed a spiny frog
 11526 | Lair:2   | Killed a spiny frog
 12062 | Lair:2   | Noticed a spiny frog
 12069 | Lair:2   | Killed a spiny frog
 12107 | Lair:2   | Reached *** piety under Makhleb
 12493 | Lair:2   | Reached XP level 11. HP: 81/81 MP: 18/18
 12513 | Lair:2   | Reached skill level 10 in Invocations
 13595 | Lair:3   | Noticed a death yak
 13597 | Lair:3   | Noticed a death yak
 13603 | Lair:3   | Noticed a death yak
 13634 | Lair:3   | Killed a death yak
 13711 | Lair:3   | Noticed a death yak
 13734 | Lair:3   | Killed a death yak
 13734 | Lair:3   | Reached **** piety under Makhleb
 13749 | Lair:3   | Killed a death yak
 13937 | Lair:3   | Noticed a death yak
 13975 | Lair:3   | Killed a death yak
 13987 | Lair:3   | Killed a death yak
 13987 | Lair:3   | Reached skill level 11 in Invocations
 14798 | Lair:4   | Identified a scroll of acquirement
 14799 | Lair:4   | Got a crystal triple sword
 14800 | Lair:4   | Identified the +0 triple sword "Agyorch" {freeze, MR+ Str+2 Int+4 SInv} (You acquired it on level 4 of the Lair of Beasts)
 14850 | Lair:4   | Noticed Maud
 14865 | Lair:4   | Killed Maud
 15078 | Lair:4   | Found a staircase to the Snake Pit.
 15758 | Lair:5   | Reached ***** piety under Makhleb
 16182 | Lair:5   | Reached XP level 12. HP: 57/91 MP: 20/20
 16193 | Lair:5   | Slain by a river rat

Skill      XL: |  1  2  3  4  5  6  7  8  9 10 11 |
---------------+----------------------------------+-----
Long Blades    | 3 4 5 6 7 8 9 |  9.7
Dodging        | 3 4 5 6 7 8 |  8.8
Armour         | 1 2 3 4 6 7 |  7.7
Fighting       | 3 4 5 6 7 |  7.3
Invocations    | 3 5 8 9 11 | 11.7
Throwing       | |  1.7

Action                   |  1- 3 |  4- 6 |  7- 9 | 10-12 || total
-------------------------+-------+-------+-------+-------++-------
Melee: Long sword        |   130 |   187 |   293 |       ||   610
       Kick              |    27 |    47 |   198 |   140 ||   412
       Unarmed           |       |       |     2 |       ||     2
       Short sword       |       |       |   254 |       ||   254
       Falchion          |       |       |    72 |   277 ||   349
       Great sword       |       |       |       |   103 ||   103
       Triple sword      |       |       |       |    86 ||    86
Invok: Minor Destruction |       |       |       |     4 ||     4
       Lesser Servant of |       |       |       |     2 ||     2
Evoke: Wand              |       |     4 |     1 |       ||     5
       Sack of spiders   |       |       |       |     1 ||     1
  Use: Scroll            |       |     7 |     6 |    13 ||    26
       Potion            |       |     1 |     3 |     1 ||     5
 Stab: Distracted        |       |       |     2 |       ||     2
  Eat: Chunk             |     1 |     7 |    35 |    17 ||    60
       Beef jerky        |       |     1 |       |       ||     1
Armor: Leather armour    |    22 |       |       |       ||    22
       Ring mail         |    43 |    56 |    86 |       ||   185
       Scale mail        |       |    27 |       |       ||    27
       Skin              |       |       |     1 |       ||     1
       Chain mail        |       |       |   192 |   253 ||   445
Dodge: Dodged            |   116 |   118 |   337 |   308 ||   879
